 Dungeon Crawl Stone Soup version 0.31.0-11-ge490571c62 (webtiles) character file.

Game seed: 533531099487712115

3832 MollyMolluskus the Grappler (level 10, 0/71 HPs)
             Began as an Octopode Fighter on Feb 7, 2024.
             Was an Initiate of Wu Jian.
             Slain by a steam dragon (2 damage)
             ... on level 8 of the Dungeon on Feb 9, 2024.
             The game lasted 00:25:08 (7446 turns).

MollyMolluskus the Grappler (Octopode Fighter)      Turns: 7446, Time: 00:25:09

Health: 0/71       AC:  2    Str: 19    XL:     10   Next: 18%
Magic:  0/10       EV: 15    Int: 12    God:    Wu Jian [......]
Gold:   460        SH:  4    Dex: 11    Spells: 9/9 levels left

rFire   + .          .
                       - Unarmed
rCold   . . .        a - +0 buckler
rNeg    . . .        g - +1 hat
rPois   .            b - amulet of guardian spirit
rElec   .            j - ring of willpower
rCorr   .            k - ring of protection from fire
SInv    .            (no ring)
Will    +....        (no ring)
Stlth   +++          (no ring)
HPRegen 0.31/turn    (no ring)
MPRegen 0.12/turn    (no ring)
                     (no ring)

%: guardian spirit
@: no status effects
A: almost no armour, amphibious, 8 rings, camouflage 1, gelatinous body 1,
(nimble swimmer 1), tentacles
a: Renounce Religion


You were on level 8 of the Dungeon.
You worshipped Wu Jian.
Wu Jian was noncommittal.
You visited 2 branches of the dungeon, and saw 9 of its levels.

You collected 460 gold pieces.

Inventory:

Missiles
 p - 2 poisoned darts
 t - 13 boomerangs (quivered)
 v - 2 throwing nets
Armour
 a - a +0 buckler (worn)
 g - a +1 hat (worn)
Jewellery
 b - an amulet of guardian spirit (around mantle)
 c - an amulet of reflection
 j - a ring of willpower (left tentacle)
 k - a ring of protection from fire (right tentacle)
 q - a ring of fire
Talismans
 u - a blade talisman
Wands
 i - a wand of roots (12)
 o - a wand of charming (19)
 w - a wand of quicksilver (4)
Scrolls
 e - a scroll of torment {unknown}
 f - 5 scrolls of teleportation
 m - a scroll of silence
Potions
 d - a potion of enlightenment
 h - a potion of resistance
 l - a potion of mutation {unknown}
 n - 3 potions of heal wounds
 r - 3 potions of invisibility {unknown}
 s - a potion of lignification {unknown}


   Skills:
 + Level 7.5 Fighting
 + Level 7.5 Dodging
 - Level 4.0 Stealth
 - Level 4.0 Shields
 * Level 10.0 Unarmed Combat


You had 9 spell levels left.
You didn't know any spells.
Your spell library contained the following spells:

 Spells                   Type           Power      Damage    Failure   Level
 Freeze                   Ice            0%         1d3       38%         1
 Slow                     Hex            0%         N/A       38%         1
 Confusing Touch          Hex            0%         N/A       77%         3
 Frozen Ramparts          Ice            0%         1d1       77%         3
 Hailstorm                Conj/Ice       0%         3d5       77%         3
 Sigil of Binding         Hex            0%         N/A       77%         3
 Stone Arrow              Conj/Erth      0%         3d7       77%         3
 Vampiric Draining        Necr           0%         2d6       77%         3
 Lehudib's Crystal Spear  Conj/Erth      0%         10d2      100%        8
 Animate Armour           Summ/Erth      Unusable   N/A       N/A         4

Dungeon Overview and Level Annotations

Branches:
Dungeon (8/15)             Temple (1/1) D:7
   Lair: D:8-11

Altars:
Ashenzari
Dithmenos
Elyvilon
Fedhas
Gozag
Hepliaklqana
Nemelex Xobeh
Okawaru
Uskayaw
Vehumet
Wu Jian
Xom
Zin
The Shining One

Shops:
D:8 *

Annotations:
D:3 1 runed translucent door, Crazy Yiuf
D:4 2 runed translucent doors, LaterGator's ghost, amateur DsGl


Innate Abilities, Weirdness & Mutations

You cannot wear most types of armour.
You are amphibious.
You can wear up to eight rings at the same time.
Your skin changes colour to match your surroundings (Stealth+).
Your rubbery body absorbs attacks. (AC +1, EV +1)
((You are camouflaged when in or above water. (Stealth+)))
You have tentacles for arms and can constrict up to eight enemies at once.


Message History

You block the bullfrog's attack.
Unknown command.
You tentacle-slap the yak but do no damage.
Your squeeze misses the yak.
The yak is almost dead.
You constrict the bullfrog.
You kill the bullfrog!
The Council accepts your kill. You block the yak's attack.
Your Unarmed Combat skill increases to level 10!
You tentacle-slap the yak. You squeeze the yak.
You kill the yak!
The Council accepts your kill.
Unknown command.
The steam dragon bites you.
* * * LOW HITPOINT WARNING * * *
The steam dragon misses you.
You barely miss the steam dragon. You closely miss the steam dragon.
Your squeeze misses the steam dragon. The steam dragon barely misses you. x2
You bludgeon the steam dragon! Your squeeze misses the steam dragon.
The steam dragon is heavily wounded.
The steam dragon bites you!
* * * LOW HITPOINT WARNING * * *
The steam dragon claws you.
* * * LOW HITPOINT WARNING * * *
You tentacle-slap the steam dragon.
The steam dragon is severely wounded.
The steam dragon breathes steam at you. The ball of steam hits you. You resist.
* * * LOW HITPOINT WARNING * * *
You hear a shout!
Unknown command.
You tentacle-slap the steam dragon but do no damage.
The steam dragon is severely wounded.
The yak is engulfed in a cloud of scalding steam.
The yak gores you.
* * * LOW HITPOINT WARNING * * *
The steam dragon closely misses you. The steam dragon claws you.
You die...

##.....#.... ..(....
#.......... ....... #
.#......... ....F.# . ##
..........# .....Y.##.#.
..........####..........#.
.........Y.......# #....
........#.=...## ###...
........##D[.#### ##.#....
........Y@§.....###.......
........§§§......#........
.......§........".........
..............#.#.........
...§§.........####........
.....§...♣.#...##.....<...
.....§.♣.∩.♣[..##.........
........♣......##........
.....#####........#..


You could see a yak and a steam dragon (catching breath).

Vanquished Creatures
  Pikel (D:7)
  A hornet (D:7)
  Prince Ribbit (D:5)
  A wraith (D:6)
  2 yaks (D:8)
  A wyvern (D:8)
  Eustachio (D:6)
  2 steam dragons (D:8)
  2 water moccasins
  A black bear (D:5)
  2 ice beasts
  2 centaurs (D:7)
  2 phantoms
  4 bullfrogs
  A scorpion (D:5)
  3 wights (D:7)
  4 howler monkeys
  2 hounds
  A jelly (D:6)
  An orc priest (D:5)
  2 iguanas (D:5)
  Ijyb (D:3)
  2 sleepcaps (D:7)
  5 orc wizards
  15 adders
  4 gnolls (D:4)
  A white imp (D:8)
  2 ufetubi (D:5)
  3 ribbon worms
  10 orcs
  9 ball pythons
  2 bats (D:1)
  11 endoplasms
  4 hobgoblins
  3 jackals (D:5)
  6 kobolds
  3 quokkas
  3 frilled lizards (D:1)
  4 goblins
  2 rats
127 creatures vanquished.

Vanquished Creatures (others)
  A yak (D:8)
1 creature vanquished.

Grand Total: 128 creatures vanquished

Notes
Turn   | Place    | Note
-------+----------+-------------------------------------------
     0 | D:1      | MollyMolluskus the Octopode Fighter began the quest for the
                  | Orb.
     0 | D:1      | Reached XP level 1. HP: 16/16 MP: 1/1
    67 | D:1      | Found a faded altar of an unknown god.
   166 | D:1      | Reached XP level 2. HP: 21/21 MP: 2/2
   712 | D:1      | Reached skill level 1 in Stealth
   840 | D:2      | Reached XP level 3. HP: 26/26 MP: 3/3
   900 | D:2      | You fall into a shaft and drop 1 floor!
  1125 | D:3      | Reached skill level 3 in Unarmed Combat
  1125 | D:3      | Reached XP level 4. HP: 31/31 MP: 4/4
  1216 | D:3      | Found a runed translucent door.
  1217 | D:3      | Noticed Crazy Yiuf
  1266 | D:3      | Found a hazy altar of Hepliaklqana.
  1939 | D:3      | Noticed Ijyb
  1953 | D:3      | Killed Ijyb
  1954 | D:3      | Reached XP level 5. HP: 32/36 MP: 5/5
  2336 | D:4      | Reached XP level 6. HP: 43/43 MP: 6/6
  2388 | D:4      | Found a shimmering altar of Xom.
  2424 | D:4      | Reached skill level 4 in Unarmed Combat
  2887 | D:4      | Found a large runed translucent door.
  2888 | D:4      | Found a large runed translucent door.
  3064 | D:4      | Noticed LaterGator's ghost (amateur DsGl)
  3339 | D:5      | Entered Level 5 of the Dungeon
  3401 | D:5      | Found a blossoming altar of Fedhas.
  3474 | D:5      | Reached XP level 7. HP: 43/48 MP: 7/7
  3666 | D:5      | Reached skill level 5 in Unarmed Combat
  3704 | D:5      | Found an iron altar of Okawaru.
  3746 | D:5      | Noticed Prince Ribbit
  3756 | D:5      | Killed Prince Ribbit
  3757 | D:5      | Reached skill level 6 in Unarmed Combat
  3757 | D:5      | Reached XP level 8. HP: 14/54 MP: 8/8
  3793 | D:5      | Reached skill level 5 in Fighting
  3824 | D:5      | Reached skill level 5 in Dodging
  3930 | D:5      | Identified the +3 hand axe of the Jester {flame, MP+9}
  4455 | D:6      | Found an opulent altar of Gozag.
  4457 | D:6      | Found a broken altar of Ashenzari.
  4579 | D:6      | Noticed Eustachio
  4593 | D:6      | Killed Eustachio
  4733 | D:6      | Noticed a wraith
  4750 | D:6      | Killed a wraith
  4751 | D:6      | Reached skill level 7 in Unarmed Combat
  5467 | D:7      | Reached XP level 9. HP: 56/62 MP: 7/9
  5554 | D:7      | Noticed a hornet
  5563 | D:7      | Killed a hornet
  5564 | D:7      | Reached skill level 8 in Unarmed Combat
  6577 | D:7      | Noticed Pikel
  6584 | D:7      | Killed Pikel
  6585 | D:7      | Reached skill level 9 in Unarmed Combat
  6722 | D:7      | Found a glowing silver altar of Zin.
  6916 | D:7      | Found a staircase to the Ecumenical Temple.
  6922 | Temple   | Entered the Ecumenical Temple
  6928 | Temple   | Became a worshipper of the Wu Jian Council
  7312 | D:8      | Reached XP level 10. HP: 47/71 MP: 6/10
  7401 | D:8      | Found Kutop's Assorted Antiques.
  7440 | D:8      | Reached skill level 10 in Unarmed Combat
  7445 | D:8      | HP: 2/71 [steam dragon/ball of steam (4)]
  7446 | D:8      | Slain by a steam dragon

Illustrated notes

Levels and vault maps discovered:
D:1:      dpeg_arrival_windows_large_door, layout_basic,
          ebering_ecumenical_altar_webs, minmay_crystal_room
D:2:      layout_basic
D:3:      layout_basic, lemuel_round_altar, minmay_misc_feat_tower,
          minmay_surrounded, uniq_crazy_yiuf_cottage, uniq_ijyb
D:4:      layout_cave_pods, nicolae_overflow_hidden_temple,
          ebering_ghost_disaster_area
D:5:      layout_basic, okawaru_metal_pillars_1_2, mainiacjoe_overflow_catwalk,
          uniq_prince_ribbit1
D:6:      layout_loops_ring, gammafunk_temple_overflow_pools, uniq_eustachio
D:7:      layout_layer_cave, zin_statuary, minmay_temple_entry_fiery,
          kennysheep_generic_room_11, uniq_pikel
D:8:      layout_cave_pools, serial_rivers, chequers_serial_rivers_small_b,
          chequers_serial_rivers_room_b, chequers_serial_rivers_micro_d,
          chequers_serial_rivers_micro_d, chequers_serial_rivers_micro_d,
          chequers_serial_rivers_micro_e, serial_shops, nicolae_shop_trees,
          uniq_erica, uniq_psyche
Temple:   hellmonk_temple_two_chambers

Skill      XL: |  1  2  3  4  5  6  7  8  9 10 |
---------------+-------------------------------+-----
Stealth        | 1 2 3 4 |  4.0
Unarmed Combat | 3 4 6 7 9 10 | 10.0
Fighting       | 4 6 7 |  7.5
Shields        | 4 |  4.0
Dodging        | 4 5 7 |  7.5

Action                     |  1- 3 |  4- 6 |  7- 9 | 10-12 || total
---------------------------+-------+-------+-------+-------++-------
  Melee: Unarmed           |    64 |    97 |   175 |    19 ||   355
         Constrict         |    16 |    23 |    31 |     1 ||    71
         Tentacles         |    12 |    23 |    43 |     4 ||    82
         Punch             |       |     3 |     7 |     1 ||    11
  Throw: Stone             |     1 |     1 |       |       ||     2
         Dart              |       |     7 |       |       ||     7
         Boomerang         |       |       |     5 |       ||     5
Ability: Lunge             |       |       |     3 |     2 ||     5
  Evoke: Wand              |       |       |     1 |     2 ||     3
    Use: Scroll            |     7 |     2 |     4 |       ||    13
         Potion            |       |       |     4 |       ||     4
   Stab: Sleeping          |     7 |    10 |     8 |     1 ||    26
 Armour: Skin              |     9 |    21 |    85 |    19 ||   134
  Dodge: Dodged            |    26 |    36 |   102 |    16 ||   180
  Block: Buckler           |    19 |    27 |    45 |     4 ||    95
         Reflection        |       |     1 |       |       ||     1
